Annisa, chaotic female human Rogue ---------- |........| #-..>.....| ####|........| #.........| #----|----- #@ ##### d # * ### # # ----- -------# ## ..))).......-# -------|-- |.....){....| |........| ............| |[)..?)(+| |...........| |%!.??[[!| ------------- |*?*[(%+)| |*?%>%%[[| |"!=![[))| ---------- Annisa the Cutpurse Experience level: 5 Strength: 18/01 Dexterity: 18 Constitution: 13 Intelligence: 9 Wisdom: 9 Charisma: 8 Health: 0(37) Energy: 23(23) Def: 8 Gold: 100 Moves: 2629 Dungeon seed: q-ZSBk2SOMnMvr47 Game ID: Annisa_1543287766 Your Inventory: Coins $ - 100 gold pieces Weapons a - a +0 short sword (weapon in hand) b - 7 +0 daggers (in quiver) r - a +0 scimitar A - a +0 spear Armor e - an uncursed +1 leather armor n - an uncursed +1 orcish helm (being worn) q - an uncursed +0 dwarvish mithril-coat (being worn) Comestibles j - 2 uncursed lichen corpses B - an uncursed carrot F - 2 uncursed food rations G - an uncursed tripe ration Scrolls i - an uncursed scroll of teleportation E - a cursed scroll of light Potions c - an uncursed potion of sickness h - an uncursed potion of water u - an uncursed potion of healing w - an uncursed potion of blindness Rings k - an uncursed ring of shock resistance x - a cursed ring of teleportation Tools d - an uncursed lock pick f - an uncursed sack l - an uncursed lock pick t - an uncursed lock pick Spells and supernatural/magical abilities: Name Level Category Fail Memory W - pray for help -- divine ? -- Your skills at the end: Fighting Skills Weapon Skills dagger [Basic] short sword [Basic] Spellcasting Skills Final Attributes: You were piously aligned. You were stealthy. You are dead. Vanquished creatures: a large mimic a giant beetle a rock piercer a giant ant a kitten 4 orc zombies 3 coyotes a large kobold 2 brown molds a yellow mold a red mold a gecko 4 jackals a fox 2 kobolds 3 goblins 3 sewer rats 2 grid bugs 3 bats 4 lichens a newt 41 creatures vanquished. Voluntary challenges: You were an atheist. You used a wielded weapon 43 times, starting on turn 11. You read items or engraved 2 times, starting on turn 1747. You never genocided any monsters. You never polymorphed an object. You never changed form. You used no wishes. You never split a pudding. You never wrote Elbereth's name. You never violated your personal moral code. Dungeon overview: The Dungeons of Doom: levels 1 to 9 Level 1 a long staircase Level 2 a general store, some fountains a long staircase Level 3 a jewelry store Level 4 some fountains Level 5 many fountains Level 8 an altar to Issek Level 9 <- You were here a general store, a fountain History has recorded: On T:1 you entered the Dungeons of Doom to retrieve the Amulet of Yendor! On T:439 you reached level 2 of The Dungeons of Doom. On T:710 you advanced to experience level 2. On T:1014 you reached level 3 of The Dungeons of Doom. On T:1462 you reached level 4 of The Dungeons of Doom. On T:1498 you advanced to experience level 3. On T:1973 you reached level 5 of The Dungeons of Doom. On T:2093 you advanced to experience level 4. On T:2249 you reached level 8 of The Dungeons of Doom. On T:2493 you reached level 9 of The Dungeons of Doom. On T:2544 you advanced to experience level 5. Score breakdown: Gold: 100 ( 6818 points) Experience: 5 levels (11141 points) Exploration: 9 levels ( 18.75%) (12377 points) Discoveries: 1 item ( 0.34%) ( 1737 points) Valuables value: (no points given unless you survive) Artifact value: 0 ( 0 points) Variety of kills: 21 monsters ( 5.51%) ( 7043 points) Turncount: 2629 turns ( -404 points) Survival: died (score multiplied by 80%) Total score: 30969 Latest messages: You throw 2 daggers. The 1st dagger hits the giant ant. The 2nd dagger hits the giant ant! You kill the giant ant! You kill the coyote! You kill the coyote! b - 5 +0 daggers (in quiver). You see here 2 orange gems. The dog bites! You hit the dog! The dog bites! (2x) You miss the dog. The dog bites! You miss the dog. The dog bites! (2x) You miss the dog. The dog bites! You die... The sack is empty. The sack is empty. Final status: Goodbye Annisa the Rogue, killed by a dog... You died in The Dungeons of Doom on dungeon level 9 with 30969 points, and 100 pieces of gold, after 2629 moves. You were level 5 with a maximum of 37 hit points when you died.